 Dungeon Crawl Stone Soup version 0.31-a0-664-g902f515a81 (webtiles) character file.

Game seed: 459804672135764087

690 AtlasWard the Trooper (level 7, -2/73 (75) HPs)
             Began as an Ogre Gladiator on Sept 2, 2023.
             Slain by an ice beast (12 damage)
             ... on level 4 of the Dungeon.
             The game lasted 00:09:53 (5154 turns).

AtlasWard the Trooper (Ogre Gladiator)              Turns: 5154, Time: 00:09:54

HP:   -2/73 (75)    AC:  3    Str: 21    XL:     7   Next: 63%
MP:   7/7           EV: 10    Int:  9    God:
Gold: 53            SH:  0    Dex: 10    Spells: 6/6 levels left

rFire   . . .        i - +2 whip (flame)
rCold   . . .        (no shield)
rNeg    + . .        f - +0 robe
rPois   .            c - +0 hat
rElec   .            (no cloak)
rCorr   .            (gloves unavailable)
SInv    .            (boots unavailable)
Will    .....        (no amulet)
Stlth   +            t - ring of positive energy
HPRegen 0.32/turn    (no ring)
MPRegen 0.10/turn

%: no passive effects
@: lightly drained
A: large, unfitting armour, tough skin 1
a: no special abilities


You were on level 4 of the Dungeon.
You visited 2 branches of the dungeon, and saw 6 of its levels.

You collected 213 gold pieces.
You spent 160 gold pieces at shops.

Inventory:

Hand Weapons
 a - a +0 quarterstaff
 e - a +4 heavy flail
 i - a +2 whip of flaming (weapon)
 l - a +0 giant spiked club
Missiles
 d - 5 throwing nets
 n - 2 poisoned darts (quivered)
 p - 5 large rocks
Armour
 c - a +0 hat (worn)
 f - a +0 robe (worn)
Jewellery
 t - a ring of positive energy (left hand)
Wands
 o - a wand of digging (5)
Scrolls
 b - 3 scrolls of fog {unknown}
 g - 2 scrolls of vulnerability {unknown}
 j - 2 scrolls of amnesia {unknown}
 q - a scroll of enchant weapon {unknown}
 r - 2 scrolls of identify
 s - 5 scrolls of teleportation
 u - a scroll of fear {unknown}
 v - a scroll of poison {unknown}
 w - a scroll of immolation {unknown}
Potions
 h - 2 potions of enlightenment
 k - a potion of might
 m - a potion of curing
 x - a potion of brilliance {unknown}
 z - a potion of haste {unknown}
 A - a potion of heal wounds


   Skills:
 + Level 6.1 Fighting
 - Level 0.4 Short Blades
 * Level 5.1(5.5) Maces & Flails
 - Level 3.3(5.0) Staves
 - Level 2.0 Throwing
 - Level 4.0 Dodging


You had 6 spell levels left.
You didn't know any spells.
Your spell library contained the following spells:

 Spells                   Type           Power      Damage    Failure   Level
 Blink                    Tloc           0%         N/A       52%         2
 Wereblood                Tmut           0%         N/A       52%         2
 Dazzling Flash           Conj/Hex       0%         N/A       77%         3
 Manifold Assault         Tloc           0%         N/A       99%         4
 Agony                    Necr           0%         N/A       100%        5
 Irradiate                Conj/Tmut      0%         3d11      100%        5
 Silence                  Hex/Air        0%         N/A       100%        5


Dungeon Overview and Level Annotations

Branches:
Dungeon (5/15)             Temple (1/1) D:5

Altars:
Ashenzari
Cheibriados
Elyvilon
Fedhas
Gozag
Hepliaklqana
Kikubaaqudgha
Makhleb
Okawaru
Qazlal
Ru
Sif Muna
Trog
Uskayaw
Vehumet
Wu Jian
Xom
The Shining One

Shops:
D:1 ?[:*   D:4 *

Annotations:
D:4 Edmund, Sigmund


Innate Abilities, Weirdness & Mutations

You are too large for most types of armour.
You have tough skin. (AC +1)


Message History

You hit the kobold. You burn the kobold.
You kill the kobold!
No target in view!
No target in view!
No target in view!
No target in view!
HP restored.
Done exploring.
You climb upwards.
Level annotation: Edmund, Sigmund The kobold hits you but does no damage.
The ice beast hits you. The ice beast freezes you! The endoplasm freezes you.
You are frozen.
There is a stone staircase leading down here.
Unknown command.
You hit the ice beast.
You melt the ice beast.
The ice beast is moderately wounded.
The ice beast hits you. The ice beast freezes you!
The kobold hits you but does no damage.
The endoplasm hits you but does no damage.
You completely miss the ice beast.
The ice beast is moderately wounded.
The kobold hits you with a +0 short sword.
The ice beast hits you. The ice beast freezes you! The endoplasm hits you.
You hit the ice beast.
You melt the ice beast.
The ice beast is moderately wounded.
The kobold hits you but does no damage. The ice beast hits you.
* * * LOW HITPOINT WARNING * * *
The ice beast freezes you.
* * * LOW HITPOINT WARNING * * *
The endoplasm freezes you.
You are frozen.
* * * LOW HITPOINT WARNING * * *
You hit the ice beast but do no damage.
The ice beast is moderately wounded.
The ice beast hits you.
* * * LOW HITPOINT WARNING * * *
The ice beast freezes you!
You die...

### ####.#
#...Y####...
#...@J......
#..#.K......
## .........
..........
#[.........
...........
............
.............
.#


You could see an ice beast, an endoplasm and a kobold.

Vanquished Creatures
  A black bear (D:5)
  An ice beast (D:5)
  2 ogres
  2 orc priests (D:5)
  2 orc wizards (D:5)
  11 gnolls
  4 adders
  An ufetubus (D:5)
  2 worms
  2 dart slugs
  4 orcs
  5 ball pythons
  7 endoplasms
  2 giant cockroaches
  6 hobgoblins
  A quokka (D:2)
  4 bats
  6 frilled lizards
  14 goblins
  6 kobolds
  5 rats
88 creatures vanquished.

Notes
Turn   | Place    | Note
-------+----------+-------------------------------------------
     0 | D:1      | AtlasWard the Ogre Gladiator began the quest for the Orb.
     0 | D:1      | Reached XP level 1. HP: 22/22 MP: 1/1
    41 | D:1      | HP: 1/22 [gnoll/+0 flail (4)]
    44 | D:1      | Reached skill level 3 in Fighting
    44 | D:1      | Reached XP level 2. HP: 3/31 MP: 2/2
   394 | D:1      | Reached XP level 3. HP: 36/37 MP: 3/3
   436 | D:1      | Found Vefinwash's General Store.
   465 | D:1      | Found Zybuquc's Magic Scroll Boutique.
   566 | D:1      | Found Oheodadi's Armour Boutique.
   632 | D:1      | Found Mukhlaf's Book Shoppe.
   721 | D:1      | Reached skill level 1 in Maces & Flails
  1117 | D:2      | Reached XP level 4. HP: 39/45 MP: 4/4
  1761 | D:2      | Reached XP level 5. HP: 40/54 MP: 5/5
  1885 | D:2      | Reached skill level 4 in Fighting
  1952 | D:3      | Found an iron altar of Okawaru.
  2751 | D:3      | Found a burning altar of Makhleb.
  2866 | D:4      | Noticed an orc warrior
  2936 | D:4      | Noticed Sigmund
  3046 | D:4      | Found Vogoogh's General Store.
  3048 | D:4      | Noticed an ogre
  3250 | D:4      | Noticed Edmund
  3405 | D:1      | Bought a scroll of identify for 20 gold pieces
  3405 | D:1      | Bought a scroll of teleportation for 30 gold pieces
  3405 | D:1      | Bought a scroll of teleportation for 30 gold pieces
  3405 | D:1      | Bought a scroll of identify for 20 gold pieces
  3405 | D:1      | Bought a scroll of teleportation for 30 gold pieces
  3405 | D:1      | Bought a scroll of identify for 20 gold pieces
  3405 | D:1      | Bought a scroll of noise for 10 gold pieces
  3592 | D:4      | Killed an ogre
  3593 | D:4      | Reached XP level 6. HP: 37/63 MP: 6/6
  3698 | D:5      | Entered Level 5 of the Dungeon
  3729 | D:5      | Noticed a black bear
  3746 | D:5      | Killed a black bear
  3801 | D:5      | Noticed an ice beast
  3821 | D:5      | Killed an ice beast
  3822 | D:5      | Reached skill level 5 in Fighting
  3961 | D:5      | Found a staircase to the Ecumenical Temple.
  3970 | Temple   | Entered the Ecumenical Temple
  4027 | D:5      | Reached XP level 7. HP: 70/72 MP: 7/7
  4076 | D:5      | Found a radiant altar of Vehumet.
  4810 | D:5      | HP: 3/67 [goblin/+0 club (3)]
  4812 | D:5      | Reached skill level 6 in Fighting
  4812 | D:5      | Reached skill level 5 in Maces & Flails
  5154 | D:4      | Slain by an ice beast

Illustrated notes

Levels and vault maps discovered:
D:1:      saegor_arrival_simple_c, layout_loops_cross, serial_shops, shop,
          shop_fountains, nicolae_book_shop_shelving, nicolae_shop_peninsula
D:2:      layout_basic, kennysheep_generic_room_5
D:3:      layout_loops_ring, hellmonk_okawaru_the_only_friend_you_need,
          lightli_temple_of_fire, hangedman_decor_slide_cut
D:4:      layout_cave_pools, serial_shops, shop, sigmund_edmund_badplayer
D:5:      layout_basic, vehumet_crystals, minmay_temple_entry_arrows,
          minmay_ogre_servants, uniq_sigmund
Temple:   regret_index_temple_generic_petals

Skill      XL: |  1  2  3  4  5  6  7 |
---------------+----------------------+-----
Fighting       | 3 4 5 6 |  6.1
Dodging        | 3 4 |  4.0
Maces & Flails | 1 2 3 4 5 |  5.1
Short Blades   | |  0.4
Staves         | |  3.3
Throwing       | |  2.0

Action                     |  1- 3 |  4- 6 |  7- 9 || total
---------------------------+-------+-------+-------++-------
  Melee: Quarterstaff      |    13 |       |       ||    13
         Short sword       |    20 |       |       ||    20
         Whip              |    54 |   133 |    93 ||   280
         Punch             |     1 |       |       ||     1
  Throw: Large rock        |       |     1 |       ||     1
         Dart              |       |     2 |       ||     2
    Use: Scroll            |       |     4 |       ||     4
         Potion            |       |       |     1 ||     1
   Stab: Sleeping          |     2 |       |       ||     2
 Armour: Robe              |    37 |   113 |    71 ||   221
  Dodge: Dodged            |    40 |    71 |    30 ||   141

Table legend: (Time is in decaauts)
 A = Elapsed time spent in this place.
 B = Non-inter-level travel time spent in this place.
 C = Inter-level travel time spent in this place.
 D = Time resting spent in this place.
 E = Time spent auto-exploring this place.
 F = Levels seen in this place.
 G = Mean time per level.
                   A        B        C        D        E       F      G
               +--------+--------+--------+--------+--------+-----+--------+
         Total |   5142 |   4556 |    586 |     15 |   3772 |   6 |  857.0 |
       Dungeon |   5104 |   4553 |    551 |     15 |   3772 |   5 | 1020.8 |
        Temple |     37 |      2 |     35 |      0 |      0 |   1 |   37.0 |
               +--------+--------+--------+--------+--------+-----+--------+

Top non-repeatable levels by time:
     D:3: 1417 daAuts
     D:5: 1397 daAuts
     D:1: 1185 daAuts
     D:2: 848 daAuts
     D:4: 255 daAuts
  Temple: 37 daAuts
